[Event "Early-Titled-Tuesday-Blitz-May-28-2024"]
[Site "Chess.com"]
[Date "2024.05.28"]
[Round "2"]
[White "Smiechu"]
[Black "FrenchPlayer2203"]
[Result "0-1"]
[WhiteElo "2430"]
[BlackElo "2103"]
[TimeControl "180+1"]
[EndTime "8:16:34 PDT"]
[Termination "FrenchPlayer2203 won by resignation"]

1. e4 e6 2. d4 d5 3. Bd3 c5 4.
exd5 exd5 5. Nf3 Nf6 6. O-O Be7 7. dxc5 Bxc5 8. Re1+ Be6 9. Ng5 O-O 10. Be3 Bxe3 11. Rxe3 Qb6 12. Nc3 d4 13. Nce4 dxe3 14. Nxf6+ gxf6 15. Qh5 exf2+ 16. Kh1 Rd8 17. Bxh7+ Kf8 18.
Ne4 Qxb2 19. Qh6+ Ke7 20. Qxf6+ Qxf6 0-1

[Event "Early-Titled-Tuesday-Blitz-May-28-2024"]
[Site "Chess.com"]
[Date "2024.05.28"]
[Round "2"]
[White "luachess1"]
[Black "ProtectiveCarrot"]
[Result "0-1"]
[WhiteElo "1669"]
[BlackElo "2433"]
[TimeControl "180+1"]
[EndTime "8:16:40 PDT"]
[Termination "ProtectiveCarrot won on time"]

1. d4 Nf6 2. Nf3 d5 3. c4 e6 4.
Nc3 a6 5. cxd5 exd5 6. Bg5 Be6 7. e3 Nbd7 8. Bd3 c6 9. O-O Bd6 10. a3 O-O 11. Rc1 Qc7 12. b4 Bg4 13. h3 Bh5 14. Na4 h6 15. Bxf6 Nxf6 16. Nc5 Qe7 17. Be2 Rfe8 18.
Qd2 Ne4 19. Nxe4 dxe4 20. Ne1 Bg6 21. Rc3 h5 22. f3 exf3 23. Nxf3 a5 24. Rb3 b5 25.
Re1 Be4 26. Qc3 Bd5 27. Rb2 Qxe3+ 28. Qxe3 Rxe3 29. Kf2 Rxa3 0-1

[Event "Early-Titled-Tuesday-Blitz-May-28-2024"]
[Site "Chess.com"]
[Date "2024.05.28"]
[Round "2"]
[White "ozates"]
[Black "ChrisTool2"]
[Result "1-0"]
[WhiteElo "2645"]
[BlackElo "2383"]
[TimeControl "180+1"]
[EndTime "8:16:41 PDT"]
[Termination "ozates won by resignation"]

1. d4 Nf6 2. Bg5 e6 3. Nd2 c5 4. e3 Nc6 5. c3 d5 6. f4 Be7 7. Ngf3 Ng4 8. Bxe7 Qxe7 9. Qe2 O-O 10. h3 Nf6 11. g4 Ne4 12. Nxe4 dxe4 13. Nd2 f5 14. Bg2 cxd4 15. exd4 Qh4+ 16. Qf2 Qxf2+ 17. Kxf2 fxg4 18.
hxg4 Rxf4+ 19. Kg3 e5 20. Bxe4 Rxg4+ 21. Kf3 exd4 22. Bxh7+ Kf7 23. cxd4 Nxd4+ 24. Ke3 Bd7 25. Raf1+ Ke7 26. Rhg1 Rxg1 27. Rxg1 Re8 28. Kxd4 Be6 29. b3 Rd8+ 30. Ke3 Kf6 31. Ne4+ Ke7 32. Rxg7+ Kf8 33. Rxb7 Bd5 34. Rxa7 Rc8 35. Nd6 Rc1 36. Kd4 Rd1+ 37. Ke5 Rd2 38. Nf5 Bf7 39. Ra8+ Be8 40.
Bg6 Rd5+ 41. Kxd5 1-0

[Event "Early-Titled-Tuesday-Blitz-May-28-2024"]
[Site "Chess.com"]
[Date "2024.05.28"]
[Round "2"]
[White "NovakRatko"]
[Black "GP9isback23"]
[Result "1-0"]
[WhiteElo "2386"]
[BlackElo "2698"]
[TimeControl "180+1"]
[EndTime "8:16:47 PDT"]
[Termination "NovakRatko won by resignation"]

1. d4 Nf6 2. c4 e6 3. Bg5 Bb4+ 4.
Nd2 h6 5. Bxf6 Qxf6 6. Nf3 Nc6 7. a3 Bxd2+ 8. Qxd2 d6 9. e4 e5 10. d5 Ne7 11.
Be2 Ng6 12. g3 Bh3 13. Qe3 a5 14. Nd2 h5 15. f3 h4 16. c5 a4 17. O-O-O Ra5 18. cxd6 cxd6 19. Qb6 Rc5+ 20. Kb1 O-O 21. Nc4 Rxc4 22. Bxc4 Bg2 23. Rhg1 h3 24. Be2 Qe7 25. Rc1 Rd8 26. Rc7 Qg5 27. Rxb7 Qd2 28. Qxd8+ 1-0

[Event "Early-Titled-Tuesday-Blitz-May-28-2024"]
[Site "Chess.com"]
[Date "2024.05.28"]
[Round "2"]
[White "HamedWafa4"]
[Black "el_sporco"]
[Result "1-0"]
[WhiteElo "2771"]
[BlackElo "2525"]
[TimeControl "180+1"]
[EndTime "8:16:48 PDT"]
[Termination "HamedWafa4 won by resignation"]

1. Nf3 Nf6 2. g3 e6 3. Bg2 d5 4. O-O Be7 5. b3 O-O 6. Bb2 c5 7. e3 Nc6 8. c4 a5 9. Nc3 Ne4 10. d3 Nxc3 11. Bxc3 Bf6 12. Bxf6 Qxf6 13. Rc1 d4 14.
exd4 Nxd4 15. Nxd4 Qxd4 16. Re1 f5 17. Qe2 Rd8 18.
h4 a4 19. Rb1 axb3 20. Rxb3 Ra7 21. Reb1 b6 22. Rxb6 Qxd3 23. Qxd3 Rxd3 24. Rb8 Rd8 25. Bb7 Kf7 26. Rxc8 Rxb7 27. Rxb7+ 1-0

[Event "Early-Titled-Tuesday-Blitz-May-28-2024"]
[Site "Chess.com"]
[Date "2024.05.28"]
[Round "2"]
[White "Durarbayli"]
[Black "MKlose11"]
[Result "1-0"]
[WhiteElo "2905"]
[BlackElo "2604"]
[TimeControl "180+1"]
[EndTime "8:16:49 PDT"]
[Termination "Durarbayli won by resignation"]

1. e4 e6 2. d4 d5 3. e5 c5 4. c3 Qb6 5. Nf3 Bd7 6. Bd3 Bb5 7. dxc5 Bxc5 8. b4 Bf8 9. Be3 Qa6 10. Bxb5+ Qxb5 11. a4 Qc4 12. Bd4 Ne7 13. Na3 Qc8 14. O-O Nf5 15. Qd3 Be7 16. Nb5 a6 17. Nd6+ Bxd6 18. exd6 Nxd4 19. cxd4 O-O 20. Ng5 g6 21. Qh3 h5 22.
Rfc1 Qd8 23. Nxe6 fxe6 24. Qxe6+ Kh8 25. Rc7 Qf6 26. Qxf6+ Rxf6 27. Rc8+ Kg7 28. d7 Nxd7 29. Rxa8 Rb6 30. b5 axb5 31. a5 Rc6 32. Ra7 1-0

[Event "Early-Titled-Tuesday-Blitz-May-28-2024"]
[Site "Chess.com"]
[Date "2024.05.28"]
[Round "2"]
[White "platy3"]
[Black "djano"]
[Result "1-0"]
[WhiteElo "2886"]
[BlackElo "2586"]
[TimeControl "180+1"]
[EndTime "8:16:49 PDT"]
[Termination "platy3 won by resignation"]

1. e4 c5 2. Nf3 g6 3. d4 cxd4 4. Nxd4 Nf6 5. Nc3 Nc6 6. Nxc6 dxc6 7. Qxd8+ Kxd8 8. Bc4 Ke8 9. Bf4 Nd7 10. e5 Bg7 11. e6 fxe6 12. Bxe6 Ne5 13. Bb3 Bg4 14. f3 Bf5 15. O-O-O Rd8 16. Rxd8+ Kxd8 17. Re1 Nd7 18. g4 g5 19. Bxg5 Bg6 20. Rxe7 Bh6 21. Rxd7+ Kxd7 22. Bxh6 Re8 23. Kd2 b5 24. h4 Kc7 25. h5 Rd8+ 26.
Ke3 Be8 27. Ne4 Kb6 28. c3 c5 29. Bc2 Bc6 30. Bf4 b4 31. g5 bxc3 32. bxc3 Bd5 33. Bb3 c4 34. Bc2 Bf7 35. g6 hxg6 36. h6 Re8 37.
Bg5 Bg8 38. Bf6 g5 39. Bxg5 Bh7 40. Kf4 Rf8+ 41. Kg3 Rg8 42. Kh4 Rf8 43. Nf6 Rxf6 44.
Bxf6 Bxc2 45. Bd4+ Kb7 46. Kg5 1-0

[Event "Early-Titled-Tuesday-Blitz-May-28-2024"]
[Site "Chess.com"]
[Date "2024.05.28"]
[Round "2"]
[White "dianamirza"]
[Black "TheoSlade"]
[Result "0-1"]
[WhiteElo "2017"]
[BlackElo "2445"]
[TimeControl "180+1"]
[EndTime "8:16:49 PDT"]
[Termination "TheoSlade won by resignation"]

1. d4 d5 2. Nf3 e6 3. e3 Nf6 4. Bd3 c5 5. b3 b6 6. Bb2 Bb7 7.
Nbd2 Nc6 8. a3 Bd6 9. Ne5 O-O 10. f4 Ne7 11. g4 Ne4 12. O-O f6 13. Nxe4 dxe4 14. Bc4 fxe5 15. Bxe6+ Kh8 16. dxe5 Bc7 17. Qe2 Ng6 18. Rad1 Qe7 19. Bf5 Rad8 20. Bxg6 hxg6 21. Qf2 Rxd1 22. Rxd1 Rd8 23. Rxd8+ Qxd8 24. f5 Qd1+ 25. Kg2 Qxg4+ 26. Kh1 Qd1+ 27. Kg2 Qf3+ 0-1

[Event "Early-Titled-Tuesday-Blitz-May-28-2024"]
[Site "Chess.com"]
[Date "2024.05.28"]
[Round "2"]
[White "LoaySameer"]
[Black "rhwr"]
[Result "1-0"]
[WhiteElo "2519"]
[BlackElo "2297"]
[TimeControl "180+1"]
[EndTime "8:16:50 PDT"]
[Termination "LoaySameer won by resignation"]

1. d4 Nf6 2. Nf3 g6 3. c4 Bg7 4.
Nc3 O-O 5. e4 d6 6. h3 c5 7. d5 e6 8. Bd3 exd5 9. exd5 Re8+ 10. Be3 Nbd7 11. O-O a6 12. Qd2 Rb8 13. a4 b6 14. Bh6 Bh8 15. Rae1 Nh5 16. g4 Nhf6 17. Bf4 Nf8 18. Ng5 h5 19. Nce4 Nxe4 20. Nxe4 Be5 21. Bg5 f6 22. Nxf6+ Bxf6 23. Bxf6 Qd7 24. Qh6 Bb7 25.
Qh8+ 1-0

[Event "Early-Titled-Tuesday-Blitz-May-28-2024"]
[Site "Chess.com"]
[Date "2024.05.28"]
[Round "2"]
[White "SaqoChess_Twitch"]
[Black "Giantgoogachess"]
[Result "0-1"]
[WhiteElo "2604"]
[BlackElo "2351"]
[TimeControl "180+1"]
[EndTime "8:16:51 PDT"]
[Termination "Giantgoogachess won by checkmate"]

1. d4 Nf6 2. c4 e6 3. Nc3 Bb4 4. a3 Bxc3+ 5. bxc3 c5 6. e3 b6 7.
Bd3 Bb7 8. f3 d6 9. Ne2 Nc6 10.
O-O Na5 11. e4 Qd7 12. Ng3 O-O-O 13. Be3 Kb8 14. a4 Rc8 15. f4 cxd4 16. cxd4 Nxc4 17.
Bf2 d5 18. a5 dxe4 19. Bxc4 Rxc4 20. axb6 axb6 21. d5 Qxd5 22. Qb1 e3 23. Ne4 exf2+ 24. Rxf2 Qxe4 25. Qxb6 Qc6 26. Qa7+ Kc7 27. Qa5+ Kd7 28. Rd1+ Nd5 29. Rb2 Ra8 30. Qd2 Raa4 31. f5 Rd4 32.
Qe1 Rxd1 33. Qxd1 Rc4 34. fxe6+ fxe6 35. Rb1 Ke7 36. Qe1 Rc2 37. Qe4 Rc1+ 38. Rxc1 Qxc1+ 39. Kf2 Qd2+ 40. Kg3 Qe3+ 41. Qxe3 Nxe3 42. h3 Nxg2 43.
Kg4 Ne3+ 44. Kh5 Kf6 45. h4 g6+ 46. Kh6 Nf5+ 47. Kxh7 Nxh4 48. Kh6 e5 49. Kh7 e4 50. Kg8 e3 51. Kh7 e2 52. Kh6 Nf5+ 53. Kh7 e1=Q 54.
Kg8 Qe8+ 55. Kh7 Qf7+ 56. Kh8 Qg7# 0-1

[Event "Early-Titled-Tuesday-Blitz-May-28-2024"]
[Site "Chess.com"]
[Date "2024.05.28"]
[Round "2"]
[White "MarlonJodar"]
[Black "CristianS27"]
[Result "0-1"]
[WhiteElo "2302"]
[BlackElo "2524"]
[TimeControl "180+1"]
[EndTime "8:16:53 PDT"]
[Termination "CristianS27 won by resignation"]

1. e4 e5 2. Nf3 Nc6 3. Bb5 a6 4. Ba4 Nf6 5. O-O Nxe4 6. d4 b5 7. Bb3 d5 8. dxe5 Be6 9. c3 Bc5 10. Nbd2 O-O 11. Qe2 Bf5 12. a4 b4 13. Nxe4 dxe4 14. Ng5 bxc3 15. bxc3 Nxe5 16. Nxe4 Bg4 17. Qc2 Ba7 18. Bf4 Nd3 19. Bg5 Qd7 20. h3 Bf5 21.
Qe2 Rfe8 22. Rad1 Bxe4 23. Qd2 Qf5 24. Bc2 Nxf2 25. Rxf2 Bxc2 26. Be3 Bxe3 27. Qxe3 Rxe3 0-1

[Event "Early-Titled-Tuesday-Blitz-May-28-2024"]
[Site "Chess.com"]
[Date "2024.05.28"]
[Round "2"]
[White "N18player"]
[Black "klercaku"]
[Result "1-0"]
[WhiteElo "2591"]
[BlackElo "2286"]
[TimeControl "180+1"]
[EndTime "8:16:54 PDT"]
[Termination "N18player won by checkmate"]

1. Nf3 d5 2. c4 dxc4 3. e3 e6 4. Bxc4 Nf6 5. O-O Nbd7 6. a3 Be7 7. b4 O-O 8. Bb2 c6 9. Nc3 Qc7 10. Rc1 Nb6 11. Bb3 a5 12. b5 c5 13. Qe2 e5 14.
Na4 Nbd7 15. b6 Nxb6 16. Bxe5 Qc6 17. Nd4 Qe8 18. Nxb6 cxd4 19. Nxa8 Bg4 20. f3 Qxa8 21. fxg4 dxe3 22. dxe3 Bxa3 23. Bxf6 Bxc1 24. Ba1 Ba3 25.
Qa2 Bc5 26. Bxf7+ Kh8 27. Bxg7+ Kxg7 28. Qb2+ Kh6 29. Qf6# 1-0

[Event "Early-Titled-Tuesday-Blitz-May-28-2024"]
[Site "Chess.com"]
[Date "2024.05.28"]
[Round "2"]
[White "jbking07"]
[Black "Tagir45"]
[Result "0-1"]
[WhiteElo "2382"]
[BlackElo "2633"]
[TimeControl "180+1"]
[EndTime "8:16:54 PDT"]
[Termination "Tagir45 won by resignation"]

1. e4 e5 2. Nf3 Nc6 3. d4 exd4 4. Nxd4 Bb4+ 5. c3 Bc5 6. Be3 Bb6 7. Nf5 Bxe3 8. Nxe3 Nf6 9. Qf3 O-O 10. Nd2 d6 11.
Bb5 Ne5 12. Qg3 c6 13. Be2 Qb6 14. O-O-O Re8 15. Ndc4 Nxc4 16. Nxc4 Qa6 17. Nxd6 Qxe2 18. Nxe8 Nxe8 19. Rd8 Qxe4 20. Qc7 Bf5 0-1

[Event "Early-Titled-Tuesday-Blitz-May-28-2024"]
[Site "Chess.com"]
[Date "2024.05.28"]
[Round "2"]
[White "bubeliang"]
[Black "Narek_Ghimoyan"]
[Result "1/2-1/2"]
[WhiteElo "2788"]
[BlackElo "2426"]
[TimeControl "180+1"]
[EndTime "8:16:56 PDT"]
[Termination "Game drawn by repetition"]

1. e4 e5 2. Nf3 Nc6 3. Bc4 Nf6 4. d3 Bc5 5. c3 d6 6. O-O O-O 7. Re1 h6 8. h3 a6 9. a4 Ba7 10. Nbd2 Qe7 11. Nf1 Be6 12. Bb3 Rad8 13. Bc2 d5 14. Qe2 Rfe8 15. Ng3 Qd7 16. Nh4 Bxh3 17. gxh3 Qxh3 18.
Nhf5 Ng4 19. Be3 Qh2+ 20. Kf1 Qh3+ 21. Kg1 Qh2+ 22. Kf1 Qh3+ 23. Kg1 1/2-1/2

[Event "Early-Titled-Tuesday-Blitz-May-28-2024"]
[Site "Chess.com"]
[Date "2024.05.28"]
[Round "2"]
[White "tylityli"]
[Black "rollercoaster29"]
[Result "1-0"]
[WhiteElo "2374"]
[BlackElo "2542"]
[TimeControl "180+1"]
[EndTime "8:16:57 PDT"]
[Termination "tylityli won by resignation"]

1. d4 Nf6 2. c4 g6 3. Nc3 Bg7 4. e4 d6 5. Nge2 O-O 6. Ng3 Nbd7 7. Be2 e5 8. d5 a5 9. O-O Nc5 10. Be3 Nfd7 11. Qd2 a4 12. Rab1 Qe7 13. b4 axb3 14. axb3 f5 15. exf5 gxf5 16. f4 exf4 17. Bxf4 Ne5 18.
b4 Ncd7 19. Bg5 Qe8 20. Nxf5 Nb6 21. Nxg7 Rxf1+ 22. Rxf1 Qg6 23. Ne6 Bxe6 24. dxe6 Nbxc4 25. Qf4 Nb6 26. e7 Nf7 27. Bh6 Qxh6 28. Qxf7+ 1-0

[Event "Early-Titled-Tuesday-Blitz-May-28-2024"]
[Site "Chess.com"]
[Date "2024.05.28"]
[Round "2"]
[White "ExtremeLearner"]
[Black "KatakuriDono"]
[Result "0-1"]
[WhiteElo "2491"]
[BlackElo "2279"]
[TimeControl "180+1"]
[EndTime "8:16:57 PDT"]
[Termination "KatakuriDono won by resignation"]

1. Nf3 d5 2. c4 e6 3. g3 Nf6 4. Bg2 Be7 5. O-O O-O 6. d4 dxc4 7. Qc2 a6 8. a4 Bd7 9. Rd1 Bc6 10.
Nc3 Nbd7 11. e4 b5 12. d5 exd5 13. e5 Ne4 14. Nd4 Bb7 15. Nxe4 dxe4 16. e6 Nf6 17.
exf7+ Rxf7 18. Nxb5 Qc8 19. Nc3 Ng4 20. h3 Nxf2 21.
Bf4 Nxh3+ 22. Bxh3 Qxh3 23. Qg2 Qxg2+ 24. Kxg2 e3+ 25.
Kf1 g5 0-1

[Event "Early-Titled-Tuesday-Blitz-May-28-2024"]
[Site "Chess.com"]
[Date "2024.05.28"]
[Round "2"]
[White "nikitakhoroshev"]
[Black "Kors67"]
[Result "0-1"]
[WhiteElo "2486"]
[BlackElo "2258"]
[TimeControl "180+1"]
[EndTime "8:16:57 PDT"]
[Termination "Kors67 won by resignation"]

1. e4 d6 2. d4 Nf6 3. Nc3 g6 4. f4 Bg7 5. Nf3 c5 6. dxc5 Qa5 7. Bd3 Qxc5 8. Qe2 Bg4 9. Be3 Qa5 10. h3 Bxf3 11. Qxf3 Nc6 12. O-O O-O 13. Rad1 Nd7 14. Bd2 Nc5 15. Kh1 Nxd3 16. cxd3 Nd4 17. Qg4 f5 18. exf5 Qxf5 19. Qxf5 gxf5 20. Rfe1 e6 21. Be3 Nc2 22. Re2 Nxe3 23. Rxe3 Bxc3 24. bxc3 Kf7 25.
Rb1 b6 26. c4 Rac8 27. a4 Rc5 28. Rb5 Kf6 29. Kg1 h5 30. Kf2 e5 31. fxe5+ dxe5 32. Rxc5 bxc5 33. Re2 Rb8 34. Ke3 h4 35. Ra2 Rb3 36.
a5 e4 37. Rd2 Ke5 38. Ke2 exd3+ 39. Rxd3 Rxd3 40. Kxd3 Kf4 41. a6 Kg3 42. Ke3 Kxg2 43. Kf4 Kxh3 44. Kxf5 Kg3 45. Ke6 h3 46. Kd6 h2 47.
Kxc5 h1=Q 48. Kd6 Qa1 49. c5 Qxa6+ 50. c6 Qc8 51. c7 a5 0-1

[Event "Early-Titled-Tuesday-Blitz-May-28-2024"]
[Site "Chess.com"]
[Date "2024.05.28"]
[Round "2"]
[White "HighLawView"]
[Black "frenchpin"]
[Result "0-1"]
[WhiteElo "2063"]
[BlackElo "2457"]
[TimeControl "180+1"]
[EndTime "8:16:58 PDT"]
[Termination "frenchpin won by resignation"]

1. e4 e5 2. Nf3 Nf6 3. Nxe5 Nxe4 4. Qe2 Qe7 5. Qxe4 d6 6. d4 dxe5 7. dxe5 Nc6 8. Bb5 Bd7 9. Bf4 O-O-O 10. Nc3 g5 11. Bg3 Bg7 12. O-O-O Rhe8 13. Nd5 Qc5 14. Qa4 a6 15. Bxa6 Nxe5 16. Bxb7+ Kxb7 17. Qb3+ Qb5 18. Qa3 Nc4 19. Qc3 Bxc3 0-1

[Event "Early-Titled-Tuesday-Blitz-May-28-2024"]
[Site "Chess.com"]
[Date "2024.05.28"]
[Round "2"]
[White "JM05C"]
[Black "GothamChess"]
[Result "0-1"]
[WhiteElo "2556"]
[BlackElo "2791"]
[TimeControl "180+1"]
[EndTime "8:16:59 PDT"]
[Termination "GothamChess won by resignation"]

1. e4 d5 2. exd5 Qxd5 3. Nc3 Qa5 4. d4 Nf6 5. Nf3 Bf5 6. Ne5 c6 7. Bc4 e6 8. g4 Bg6 9. h4 Nbd7 10. Nxd7 Nxd7 11. h5 Be4 12. Rh3 Bd5 13. Bxd5 cxd5 14.
Bd2 Qb6 15. Rd3 Rc8 16. Qe2 Be7 17. O-O-O Qa6 18. Re1 O-O 19. g5 Rxc3 20. Rxc3 Qxa2 21.
Bf4 Bb4 22. g6 Qa1+ 23. Kd2 Qxb2 24. gxh7+ Kh8 0-1

[Event "Early-Titled-Tuesday-Blitz-May-28-2024"]
[Site "Chess.com"]
[Date "2024.05.28"]
[Round "2"]
[White "TERMINATOR_PC"]
[Black "Zhigalko_Sergei"]
[Result "0-1"]
[WhiteElo "2593"]
[BlackElo "2894"]
[TimeControl "180+1"]
[EndTime "8:17:04 PDT"]
[Termination "Zhigalko_Sergei won by resignation"]

1. e4 c5 2. Nf3 Nc6 3. d4 cxd4 4. Nxd4 Nf6 5. Nc3 e5 6. Ndb5 d6 7. Bg5 a6 8. Na3 b5 9. Bxf6 gxf6 10. Nd5 Bg7 11. c3 f5 12. exf5 Bxf5 13. Nc2 Be6 14. Nce3 Ne7 15. g3 Nxd5 16. Nxd5 O-O 17. Bg2 a5 18. O-O Rb8 19. Qd2 Qd7 20. Rad1 Kh8 21.
a3 f5 22. Rfe1 Qf7 23. Qd3 e4 24. Qd2 Be5 25. f4 exf3 26. Bxf3 Rg8 27. Kh1 Rbf8 28. Nf4 Bb3 29. Bd5 Bxd5+ 30. Qxd5 Qf6 31. Qe6 Qg7 32.
Qd5 Qh6 33. Rf1 Rxg3 0-1

[Event "Early-Titled-Tuesday-Blitz-May-28-2024"]
[Site "Chess.com"]
[Date "2024.05.28"]
[Round "2"]
[White "AradNazari"]
[Black "RantomOpening"]
[Result "0-1"]
[WhiteElo "2793"]
[BlackElo "2581"]
[TimeControl "180+1"]
[EndTime "8:17:04 PDT"]
[Termination "RantomOpening won by checkmate"]

1. e4 c5 2. Nf3 e6 3. d4 cxd4 4.
Nxd4 Nf6 5. Nc3 Nc6 6. Nxc6 bxc6 7. e5 Nd5 8. Ne4 Qc7 9. f4 Qb6 10. c4 Ne3 11. Qd3 Bb4+ 12. Ke2 Nxc4 13. Kf3 Ba6 14. Qc2 Qd4 15. a3 Be7 16. Be2 g5 17. Rd1 g4+ 18.
Kxg4 Ne3+ 19. Bxe3 Qxe3 20. Rd3 h5# 0-1

[Event "Early-Titled-Tuesday-Blitz-May-28-2024"]
[Site "Chess.com"]
[Date "2024.05.28"]
[Round "2"]
[White "Shankland"]
[Black "Eloist"]
[Result "1-0"]
[WhiteElo "2979"]
[BlackElo "2430"]
[TimeControl "180+1"]
[EndTime "8:17:04 PDT"]
[Termination "Shankland won by resignation"]

1. e4 e6 2. d4 d5 3. Nd2 c5 4. exd5 Qxd5 5. Ngf3 cxd4 6. Bc4 Qd6 7. O-O Nf6 8. Nb3 Nc6 9. Nbxd4 Nxd4 10. Nxd4 a6 11. Re1 Qc7 12. Bf1 h6 13. Qf3 Bc5 14.
Bf4 Qb6 15. Nf5 Kf8 16. Nxg7 Kxg7 17. Be5 Be7 18. Re4 h5 19. Rf4 Rh6 20. Rd1 Qc6 21. Qe3 Bd7 22. Rxf6 Bxf6 23. Qg5+ Rg6 24. Bxf6+ Kg8 25.
Qh4 e5 26. Bxe5 Bg4 27. Rd8+ Qe8 28. Rxe8+ Rxe8 29. h3 Rxe5 30. hxg4 hxg4 31. Qd8+ Kh7 32. Bd3 Re1+ 33. Kh2 1-0

[Event "Early-Titled-Tuesday-Blitz-May-28-2024"]
[Site "Chess.com"]
[Date "2024.05.28"]
[Round "2"]
[White "CarlosjPineror"]
[Black "Rdeux42"]
[Result "1-0"]
[WhiteElo "2724"]
[BlackElo "2409"]
[TimeControl "180+1"]
[EndTime "8:17:08 PDT"]
[Termination "CarlosjPineror won by resignation"]

1. e4 c5 2. Nf3 d6 3. d4 cxd4 4. Nxd4 Nf6 5. Nc3 a6 6. Bg5 Nbd7 7. f4 Qc7 8. Qe2 h6 9. Bh4 g5 10. fxg5 hxg5 11. Bxg5 Qc5 12. Be3 Ne5 13. O-O-O Neg4 14. Bg1 Bh6+ 15. Kb1 Qa5 16. g3 Bd7 17. Bg2 Rc8 18. Nb3 Qc7 19. h3 Ne5 20. Nd5 Nxd5 21. exd5 Bf5 22. Be4 Bxe4 23. Qxe4 Bg7 24. Bd4 a5 25. c3 a4 26. Nd2 a3 27. b3 b5 28. Rc1 Bf6 29. h4 Rg8 30. h5 Rxg3 31. h6 Rg4 32. Qe2 Qb7 33. h7 Bh8 34. Bxe5 dxe5 35.
Qxg4 1-0

[Event "Early-Titled-Tuesday-Blitz-May-28-2024"]
[Site "Chess.com"]
[Date "2024.05.28"]
[Round "2"]
[White "jamengrand"]
[Black "crazy_but_lazy"]
[Result "0-1"]
[WhiteElo "2324"]
[BlackElo "2675"]
[TimeControl "180+1"]
[EndTime "8:17:11 PDT"]
[Termination "crazy_but_lazy won by resignation"]

1. e4 c6 2. Nf3 d5 3. exd5 cxd5 4. Ne5 Nc6 5. d4 e6 6. c3 Bd6 7. f4 Nge7 8. Bd3 O-O 9. O-O f6 10. Qh5 Nf5 11. Nxc6 bxc6 12. g4 g6 13. Qh3 Ng7 14.
f5 exf5 15. gxf5 Bxf5 16. Bxf5 Nxf5 17. Rxf5 gxf5 18. Bh6 Rf7 19. Nd2 Kh8 20. Kh1 Qe7 21.
Rg1 Rg8 22. Rxg8+ Kxg8 23. Qg2+ Kh8 24. Nf3 Qe4 25. b4 Bf4 26. Bxf4 Qxf4 27. Qe2 Qe4 0-1

[Event "Early-Titled-Tuesday-Blitz-May-28-2024"]
[Site "Chess.com"]
[Date "2024.05.28"]
[Round "2"]
[White "mr_gustavo"]
[Black "MdChess1734"]
[Result "1-0"]
[WhiteElo "2734"]
[BlackElo "2432"]
[TimeControl "180+1"]
[EndTime "8:17:13 PDT"]
[Termination "mr_gustavo won on time"]

1. d4 Nf6 2. Bg5 c5 3. d5 Ne4 4. Bf4 e6 5. Nf3 Qb6 6. Qd3 Qxb2 7. dxe6 dxe6 8. Qb3 Qxa1 9. Be5 c4 10. Qb5+ Bd7 11. Qxb7 Bc6 12. Qc8+ Ke7 13. Bxa1 Nd6 14. Qc7+ Bd7 15.
Ne5 f6 16. Nxd7 Nxd7 17. e3 Rc8 18. Qxa7 Nb5 19. Qa5 Rb8 20. Nc3 1-0

[Event "Early-Titled-Tuesday-Blitz-May-28-2024"]
[Site "Chess.com"]
[Date "2024.05.28"]
[Round "2"]
[White "Phuzer"]
[Black "GOGIEFF"]
[Result "0-1"]
[WhiteElo "2628"]
[BlackElo "3010"]
[TimeControl "180+1"]
[EndTime "8:17:14 PDT"]
[Termination "GOGIEFF won by resignation"]

1. d4 Nf6 2. c4 e6 3. Nc3 Bb4 4.
g3 d5 5. Bg2 O-O 6. Nf3 dxc4 7.
O-O Nc6 8. Qa4 a6 9. Ne5 Nxe5 10. dxe5 Bxc3 11. bxc3 b5 12. Qc2 Nd5 13. Rd1 Qe7 14. f4 Bb7 15. e4 Nb6 16. Be3 Rad8 17. h4 Na4 18. Bd4 c5 19. Be3 Rxd1+ 20. Rxd1 Rd8 21. Rxd8+ Qxd8 22. Bf1 h5 23. Be2 g6 24. Kf2 Qd7 25. f5 exf5 26. exf5 Qxf5+ 27. Qxf5 gxf5 28. Bxh5 Nxc3 29. Ke1 Nxa2 30. Bxc5 c3 31. Bd1 Bd5 32. Bc2 Be6 33. h5 b4 34. g4 fxg4 35. h6 b3 36. h7+ Kh8 37. Be4 c2 38. Be7 c1=Q+ 39. Kf2 Qf4+ 0-1

[Event "Early-Titled-Tuesday-Blitz-May-28-2024"]
[Site "Chess.com"]
[Date "2024.05.28"]
[Round "2"]
[White "GeorgiosSouleidis"]
[Black "Kirill_Klukin"]
[Result "0-1"]
[WhiteElo "2600"]
[BlackElo "2903"]
[TimeControl "180+1"]
[EndTime "8:17:14 PDT"]
[Termination "Kirill_Klukin won by resignation"]

1. e4 c5 2. Be2 g6 3. d3 Bg7 4. f4 Nc6 5. Nf3 e6 6. O-O Nge7 7. c3 d5 8. Na3 O-O 9. Nc2 b6 10. e5 d4 11. c4 Bb7 12. Bd2 a5 13. b3 f6 14. exf6 Bxf6 15. a3 Nf5 16. Rb1 Qc7 17.
b4 axb4 18. axb4 e5 19. bxc5 bxc5 20. g3 Rae8 21. fxe5 Nxe5 22. Nxe5 Bxe5 23. Bf3 Bxf3 24. Qxf3 Ne3 25. Qxf8+ Rxf8 26. Rxf8+ Kxf8 27. Nxe3 dxe3 28. Bxe3 Bd4 29. Bxd4 cxd4 30. Rc1 Qe5 31. Rf1+ Ke7 0-1

[Event "Early-Titled-Tuesday-Blitz-May-28-2024"]
[Site "Chess.com"]
[Date "2024.05.28"]
[Round "2"]
[White "Alexander_Donchenko"]
[Black "Diego_FloresQ"]
[Result "1-0"]
[WhiteElo "2904"]
[BlackElo "2602"]
[TimeControl "180+1"]
[EndTime "8:17:16 PDT"]
[Termination "Alexander_Donchenko won by resignation"]

1. Nf3 c5 2. c4 Nc6 3. Nc3 g6 4. e3 Nf6 5. d4 cxd4 6. exd4 d5 7.
cxd5 Nxd5 8. Qb3 Nxc3 9. Bc4 e6 10. bxc3 Bd7 11. Be2 Na5 12. Qb1 Bg7 13. Ba3 Bf8 14. Bb4 b6 15. O-O Bxb4 16. Qxb4 Qe7 17. d5 exd5 18.
Rfe1 Nc6 19. Qf4 O-O 20. Bd3 Qc5 21. c4 Rae8 22. Qh6 Qa5 23. Ng5 Rxe1+ 24. Bf1 1-0

[Event "Early-Titled-Tuesday-Blitz-May-28-2024"]
[Site "Chess.com"]
[Date "2024.05.28"]
[Round "2"]
[White "RobertoJBM"]
[Black "ahkashefi2800"]
[Result "1-0"]
[WhiteElo "2807"]
[BlackElo "2564"]
[TimeControl "180+1"]
[EndTime "8:17:16 PDT"]
[Termination "RobertoJBM won by resignation"]

1. d4 d5 2. Nf3 Nf6 3. e3 c6 4.
Be2 Bg4 5. O-O e6 6. b3 Bd6 7. Ba3 O-O 8. Qc1 Ne4 9. c4 Qe7 10.
Bxd6 Nxd6 11. Qa3 Nd7 12. Re1 Rfe8 13. Nbd2 a6 14. Rac1 Rad8 15. h3 Bxf3 16. Nxf3 g6 17. Red1 Nf5 18. Qxe7 Nxe7 19. b4 dxc4 20. Bxc4 Nb6 21.
Bb3 Rc8 22. Ne5 Ned5 23. a3 Red8 24. g3 Kg7 25. h4 h5 26. Kf1 Nf6 27. Ke2 Nfd7 28.
Nd3 Nd5 29. e4 N5f6 30. f3 Ne8 31. Nc5 Nxc5 32. dxc5 Kf6 33. f4 Ke7 34. Ke3 Nc7 35. a4 Ra8 36. Bc4 a5 37. Rxd8 Kxd8 38. b5 cxb5 39.
axb5 a4 40. b6 Na6 41. c6 Kc8 42. c7 Nc5 43. Bb5 a3 44. Rd1 1-0

[Event "Early-Titled-Tuesday-Blitz-May-28-2024"]
[Site "Chess.com"]
[Date "2024.05.28"]
[Round "2"]
[White "kachsona"]
[Black "OparinGrigoriy"]
[Result "0-1"]
[WhiteElo "2636"]
[BlackElo "3061"]
[TimeControl "180+1"]
[EndTime "8:17:17 PDT"]
[Termination "OparinGrigoriy won by resignation"]

1. e4 c6 2. d4 d5 3. e5 c5 4.
Nf3 cxd4 5. Nxd4 Nc6 6. Nxc6 bxc6 7. Bd3 e6 8. O-O Ne7 9. Nd2 a5 10. Qh5 Ba6 11. c4 Ng6 12. Nf3 Bxc4 13. Bg5 Qc7 14. Bxc4 dxc4 15. Rac1 Nxe5 16. Bf4 Nxf3+ 17. Qxf3 Bd6 18.
Bxd6 Qxd6 19. Rxc4 O-O 20. Rxc6 Qd2 21. Qc3 Qd5 22. b3 h6 23. g3 Rfd8 24. Rc1 a4 25.
Rc4 axb3 26. axb3 Ra2 27. Rc8 Rxc8 28. Qxc8+ Kh7 29. Qc3 Qf5 30. Qe3 Rb2 31. Rd1 g6 32. h4 Qc2 33. Rd7 Rb1+ 34. Kg2 Qc6+ 35. Kh2 Qxd7 0-1